Map: Goldenaura LE

Players

CraftStar

  • Race: Terran Terran
  • League: Platinum
  • Spawn Location: 12:00

Subwayeatn - Winner!

  • Race: Zerg Zerg
  • League: Platinum
  • Spawn Location: 5:00

VOD

Have the link to the VOD?

Description

Time

  • Played on: Nov. 5, 2023, 5:17 p.m.
  • Length: 4:58
Show
View Real Time Build Order
Export as new Build Order

CraftStar Terran 

Build Orders:  

Get SALT Encoding   

Show
View Real Time Build Order
Export as new Build Order

Subwayeatn Zerg - Winner!

Build Orders: Hatch First 

Get SALT Encoding   

  12  0:00  Drone  
  13  0:12  Overlord  
  13  0:19  Drone  
  14  0:30  Drone x2  
  16  0:50  Hatchery  
  16  0:53  Drone  
  16  0:57  Drone  
  17  1:00  Drone  
  18  1:04  Extractor  
  17  1:17  Spawning Pool  
  16  1:20  Drone  
  17  1:27  Drone  
  17  1:29  Overlord  
  18  1:38  Drone  
  19  1:49  Drone  
  20  2:04  Queen x2  
  20  2:06  Zergling x2  
  25  2:10  Zergling x2  
  26  2:25  Drone x4  
  30  2:33  Overlord  
  30  2:42  Zergling x2  
  31  2:55  Evolution Chamber  
  31  2:57  Spine Crawler  
  29  2:59  Evolution Chamber  
  28  3:19  Metabolic Boost  
  28  3:22  Drone  
  28  3:23  Drone x5  
  34  3:38  Drone x2  
  36  3:47  Drone x4  
  40  3:49  Queen x2  
Tags
 
Matchup
TvZ
Replay Pack
Multiplayer
Spawn Locations
Cross Positions
Add a new tag
Caveats
  • Supply blocks, unpowered buildings, or Contaminate may cause inaccurate times.
  • Supply counts are checked every 10 seconds.